 Dungeon Crawl Stone Soup version 0.28-a0-199-g298df9dbad (webtiles) character file.

Game seed: 4808672564603550999

88 bande the Shield-Bearer (level 4, -4/29 HPs)
             Began as a Gargoyle Fighter on Aug 20, 2021.
             Killed from afar by an orc wizard (5 damage)
             ... with a magic dart
             ... on level 3 of the Dungeon.
             The game lasted 00:03:39 (2654 turns).

bande the Shield-Bearer (Gargoyle Fighter)          Turns: 2654, Time: 00:03:40

Health: -4/29      AC: 12    Str: 19    XL:     4   Next: 53%
Magic:  4/4        EV:  7    Int:  9    God:
Gold:   101        SH:  8    Dex: 10    Spells: 3/3 levels left

rFire   . . .      SeeInvis .   a - +0 war axe
rCold   . . .      Faith    .   c - +0 kite shield
rNeg    + . .      Spirit   .   b - +0 scale mail
rPois   ∞          Reflect  .   k - +0 helmet
rElec   +          Harm     .   (no cloak)
rCorr   .          Rampage  .   (no gloves)
Will    .....                   f - +0 pair of boots
Stlth   ..........              (no amulet)
HPRegen 0.09/turn               (no ring)
MPRegen 0.09/turn               (no ring)

@: weak-willed
A: sickness immunity, AC +3, negative energy resistance 1, electricity
resistance, torment resistance 1, petrification resistance
a: no special abilities


You were on level 3 of the Dungeon.
You visited 1 branch of the dungeon, and saw 3 of its levels.

You collected 101 gold pieces.

Inventory:

Hand Weapons
 a - a +0 war axe (weapon)
Armour
 b - a +0 scale mail (worn)
 c - a +0 kite shield (worn)
 f - a +0 pair of boots (worn)
 k - a +0 helmet (worn)
Scrolls
 h - a scroll of identify
Potions
 d - 2 potions of might
 g - a potion of flight
 i - 2 potions of curing {unknown}


   Skills:
 + Level 3.8 Fighting
 + Level 2.8 Axes
 + Level 3.7 Armour
 + Level 0.3 Dodging
 + Level 4.1 Shields


You had 3 spell levels left.
You didn't know any spells.
Your spell library was empty.

Dungeon Overview and Level Annotations

Branches:
Dungeon (3/15)

Altars:
Qazlal


Innate Abilities, Weirdness & Mutations

You are immune to sickness and miasma.
Your stone body is resilient. (AC +3)
You are immune to poison.
You resist negative energy. (rN+)
You are resistant to electric shocks. (rElec)
You are resistant to unholy torment.
You are immune to petrification.


Message History

You block the orc's attack.
The orc hits you from afar with a +0 trident.
The orc hits you but does no damage.
The orc hits you from afar with a +0 trident.
Unknown command.
You hit the orc.
The orc is almost dead.
The orc hits you with a +0 whip. You block the orc's attack.
You hit the orc but do no damage.
The orc is severely wounded.
The orc hits you but does no damage.
The orc wizard gestures wildly while chanting.
The orc wizard flickers and vanishes!
Deactivating autopickup; reactivate with Ctrl-A.
The orc closely misses you. You block the orc's attack.
The orc barely misses you.
You hit the orc.
You kill the orc!
The orc closely misses you. Something hits you.
Unknown command.
You miss something. You block the orc's attack. Something hits you.
The orc hits you but does no damage.
You miss something. Something hits you. The orc closely misses you.
Something hits you but does no damage.
You miss something.
The orc hits you from afar with a +0 trident.
* * * LOW HITPOINT WARNING * * *
You block something's attack.
The orc hits you from afar with a +0 trident.
* * * LOW HITPOINT WARNING * * *
Your shield and scale mail prevent you from hitting something.
You hear some strange, mumbled words.
A puff of flame appears from out of thin air!
The puff of flame hits you but does no damage.
The orc hits you from afar with a +0 trident.
* * * LOW HITPOINT WARNING * * *
You hear some strange, mumbled words.
A magic dart appears from out of thin air!
The magic dart hits you.
You die...

*,* *,* **,,* *,*,***,,,, *,*
*,*****,*,** *,**,*,**** *,*
*,*..,....,********,***,** *,*
*,,...#...,,,,,,,,,,* ***
*,***,*.......,,,,,,*************
*,**,>,....#..*****,**,,,,,,,,,,,
*,**,,*,#.....* *,#*,**********
,,,,,,*.##.#..#####.#*,* *
,,,,,,,......oo{@...#*,* ***** **
****,,*,##....o###..#*,***,,,***,
*,,*,*#....<# *.....,,,,,,,,,,
****,,,........#**..##.#,,,,,,,,,
,,,,,,*.##......,,.##*,..,,,,,,,>
,,,****,*##...###*## *,,.,,,,,,,,
**,* *,* ##.#********,,,,,,,,,,,
*,* *,* #.,,,,,,,,,,*,,,,,,,,,
*,* *,* ##***********,,,,,,,,,


You could see 3 orcs.

Vanquished Creatures
  2 adders (D:2)
  2 worms (D:2)
  2 dart slugs (D:2)
  An orc (D:3)
  2 endoplasms (D:1)
  4 giant cockroaches
  5 goblins
  7 hobgoblins
  2 jackals (D:1)
  5 quokkas
  4 ball pythons
  4 bats
  10 frilled lizards
  4 kobolds (D:1)
  2 rats (D:1)
56 creatures vanquished.

Vanquished Creatures (others)
  A fungus (D:2)
  A plant (D:2)
2 creatures vanquished.

Grand Total: 58 creatures vanquished

Notes
Turn   | Place    | Note
-------+----------+-------------------------------------------
     0 | D:1      | bande the Gargoyle Fighter began the quest for the Orb.
     0 | D:1      | Reached XP level 1. HP: 14/14 MP: 1/1
   275 | D:1      | Reached XP level 2. HP: 19/19 MP: 2/2
   532 | D:1      | Reached XP level 3. HP: 22/23 MP: 3/3
  1403 | D:2      | Reached skill level 4 in Shields
  1643 | D:2      | Reached XP level 4. HP: 29/29 MP: 4/4
  1888 | D:2      | Found a stormy altar of Qazlal.
  2099 | D:2      | Found a faded altar of an unknown god.
  2654 | D:3      | HP: 1/29 [orc (1)]
  2654 | D:3      | Killed from afar by an orc wizard

Illustrated notes

Levels and vault maps discovered:
D:1:      dpeg_arrival_central, layout_loops_ring, minmay_lizard_pond
D:2:      minmay_diamond_boxcup, layout_basic,
          shapermc_ecumenical_altar_hornbeckon, basic_altar
D:3:      layout_loops_ring, portal_sewer_entry_e, corexii_corridor_pit

Skill      XL: |  1  2  3 |
---------------+----------+-----
Axes           | 2 |  2.8
Shields        | 4 |  4.1
Fighting       | |  3.8
Armour         | |  3.7
Dodging        | |  0.3

Action                   |  1- 3 |  4- 6 || total
-------------------------+-------+-------++-------
Melee: War axe           |   110 |    54 ||   164
  Use: Scroll            |     3 |     2 ||     5
Armor: Scale mail        |    85 |    46 ||   131
Dodge: Dodged            |    58 |    20 ||    78
Block: Kite shield       |    56 |    43 ||    99

Table legend: (Time is in decaauts)
 A = Elapsed time spent in this place.
 B = Non-inter-level travel time spent in this place.
 C = Inter-level travel time spent in this place.
 D = Time resting spent in this place.
 E = Time spent auto-exploring this place.
 F = Levels seen in this place.
 G = Mean time per level.
                   A        B        C        D        E       F      G
               +--------+--------+--------+--------+--------+-----+--------+
         Total |   2762 |   2722 |     40 |    250 |   1936 |   3 |  920.7 |
       Dungeon |   2762 |   2722 |     40 |    250 |   1936 |   3 |  920.7 |
               +--------+--------+--------+--------+--------+-----+--------+

Top non-repeatable levels by time:
     D:2: 1435 daAuts
     D:1: 1298 daAuts
     D:3: 28 daAuts
